 Dungeon Crawl Stone Soup version 0.30.0-10-gfe55d96785 (webtiles) character file.

Game seed: 13331172557352656475

44 RascalDebosk the Magician (level 3, -9/25 HPs)
             Began as a Djinni Fire Elementalist on May 14, 2023.
             Killed from afar by Jessica (15 damage)
             ... with a bolt of light
             ... on level 2 of the Dungeon.
             The game lasted 00:07:37 (1088 turns).

RascalDebosk the Magician (DjFE)                    Turns: 1088, Time: 00:07:38

Health: -9/25      AC:  4    Str:  7    XL:     3   Next: 85%
Gold:   96         EV: 12    Int: 18    God:
                   SH:  0    Dex: 13

rFire   + + .        s - +0 dagger
rCold   x . .        (no shield)
rNeg    . . .        a - +0 robe
rPois   ∞            (no helmet)
rElec   .            g - +0 cloak
rCorr   .            f - +0 pair of gloves
SInv    .            (boots unavailable)
Will    .....        i - amulet of the acrobat
Stlth   +            (no ring)
HPRegen 0.24/turn    (no ring)
MPRegen 0.00/turn

%: acrobat, infuse magic (-10 HP)
@: confused, flying
A: sickness immunity, fire resistance 2, cold vulnerability 1, float, innate
caster, HP casting, extra vitality 1
a: no special abilities


You were on level 2 of the Dungeon.
You visited 1 branch of the dungeon, and saw 2 of its levels.

You collected 96 gold pieces.

Inventory:

Hand Weapons
 s - a +0 dagger (weapon)
Armour
 a - a +0 robe (worn)
 b - a +0 buckler
 f - a +0 pair of gloves (worn)
 g - a +0 cloak (worn)
Jewellery
 i - an amulet of the acrobat (around neck)
Scrolls
 c - a scroll of silence {unknown}
 e - a scroll of butterflies {unknown}
Potions
 d - a potion of brilliance {unknown}
 h - 2 potions of heal wounds {unknown}


   Skills:
 - Level 2.1 Dodging
 - Level 1.5 Stealth
 * Level 3.5 Spellcasting


You knew the following spells:

 Your Spells              Type           Power      Damage    Failure   Level
a - Foxfire               Conj/Fire      60%        2x1d7     3%          1
b - Scorch                Fire           30%        2d6       5%          2
c - Volatile Blastmotes   Fire/Tloc      30%        2d12      11%         3
d - Inner Flame           Hex/Fire       15%        N/A       11%         3
e - Flame Wave            Conj/Fire      15%        2d7       34%         4
f - Summon Small Mammal   Summ           60%        N/A       3%          1
Your spell library was empty.

Dungeon Overview and Level Annotations

Branches:
Dungeon (2/15)

Altars:

Annotations:
D:2 Jessica


Innate Abilities, Weirdness & Mutations

You are immune to sickness and miasma.
You are immune to poison.
Your flesh is very heat resistant. (rF++)
You are vulnerable to cold. (rC-)
You float through the air rather than walking.
You learn spells naturally, not from books.
Your magical power is your life essence.
You have superior vitality. (+4 MHP)


Message History

The kobold shouts!
The foxfire hits the kobold.
You kill the kobold!
Your foxfire dissipates!
A giant cockroach comes into view.
Casting: Foxfire (safe; 3% risk of failure)
Confirm with . or Enter, or press ? or * to list all spells.
You conjure some foxfire!
Casting: Foxfire (safe; 3% risk of failure)
Confirm with . or Enter, or press ? or * to list all spells.
You conjure some foxfire!
The foxfire hits the giant cockroach.
You kill the giant cockroach!
Your foxfire dissipates!
Your foxfire dissipates!
i - an amulet of the acrobat You start putting on your amulet.
You continue putting on your amulet of the acrobat. x5
You finish putting on your amulet of the acrobat.
You feel ready to tumble and roll out of harm's way.
i - an amulet of the acrobat (around neck) As you open the door, it creaks loudly!
A dart slug comes into view.
The dart slug launches a dart at you. The slug dart hits you.
Casting: Foxfire (safe; 3% risk of failure)
Confirm with . or Enter, or press ? or * to list all spells.
You conjure some foxfire!
The foxfire hits the dart slug but does no damage.
Casting: Foxfire (safe; 3% risk of failure)
Confirm with . or Enter, or press ? or * to list all spells.
You conjure some foxfire!
The foxfire hits the dart slug.
The dart slug is heavily wounded.
Casting: Foxfire (safe; 3% risk of failure)
Confirm with . or Enter, or press ? or * to list all spells.
You conjure some foxfire!
The foxfire hits the dart slug.
You kill the dart slug!
There is an open door here.
You reach down and open the door.
There is an open door here.
A bat comes into view.
Casting: Foxfire (safe; 3% risk of failure)
Confirm with . or Enter, or press ? or * to list all spells.
You conjure some foxfire!
Casting: Foxfire (safe; 3% risk of failure)
Confirm with . or Enter, or press ? or * to list all spells.
There is not enough space to conjure foxfire!
Your foxfire dissipates!
Casting: Foxfire (safe; 3% risk of failure)
Confirm with . or Enter, or press ? or * to list all spells.
You conjure some foxfire!
The foxfire hits the bat.
You kill the bat!
Your foxfire dissipates!
Your foxfire dissipates!
Found an escape hatch in the ceiling.
There is an escape hatch in the ceiling here.
Found a ring mail.
Found a stone staircase leading down.
You see here a +0 ring mail.
There is a stone staircase leading down here.
Jessica the Apprentice Sorceress comes into view.
She is wielding a +0 dagger and carrying a wand of light (11).
Casting: Foxfire (safe; 3% risk of failure)
Confirm with . or Enter, or press ? or * to list all spells.
You conjure some foxfire!
Jessica shouts!
You hear an angry hiss.
Casting: Foxfire (safe; 3% risk of failure)
Confirm with . or Enter, or press ? or * to list all spells.
You conjure some foxfire!
A ball python comes into view.
Casting: Foxfire (safe; 3% risk of failure)
Confirm with . or Enter, or press ? or * to list all spells.
There is not enough space to conjure foxfire!
Casting: Foxfire (safe; 3% risk of failure)
Confirm with . or Enter, or press ? or * to list all spells.
There is not enough space to conjure foxfire!
Casting: Foxfire (safe; 3% risk of failure)
Confirm with . or Enter, or press ? or * to list all spells.
Flames lash the ball python.
You kill the ball python!
The foxfire hits Jessica.
Jessica is severely wounded.
Jessica zaps a wand.
The bolt of light hits your foxfire!
Your foxfire is blinded.
The bolt of light hits your foxfire!
Your foxfire is blinded.
The bolt of light hits you!
You are confused.
Ouch! That really hurt!
* * * LOW HITPOINT WARNING * * *
You hit your foxfire.
Your foxfire is almost destroyed.
The foxfire hits Jessica.
Jessica is almost dead.
Jessica zaps a wand.
The bolt of light hits your foxfire!! The bolt of light hits your foxfire!
The bolt of light hits you!
Ouch! That really hurt!
You die...

#.# #.# ##<## #.#
.###...###.#####
...............###
####...####......#
##.## #.##.#[# #.#
#.##.#.# #.#
#.##.#§### #+#
#.##.§@§.#
#.####§#§# #.#
#§#§# #.. .§§ .
#§# #. #@. .# #..
# #.#


You could see Jessica.

Vanquished Creatures
  4 dart slugs
  4 ball pythons
  5 bats
  3 endoplasms (D:1)
  4 giant cockroaches
  3 goblins (D:1)
  A quokka (D:1)
  2 frilled lizards (D:1)
  5 kobolds
  3 rats (D:1)
34 creatures vanquished.

Vanquished Creatures (collateral kills)
  A ball python (D:1)
1 creature vanquished.

Vanquished Creatures (others)
  118 foxfires
118 creatures vanquished.

Grand Total: 153 creatures vanquished

Notes
Turn   | Place    | Note
-------+----------+-------------------------------------------
     0 | D:1      | RascalDebosk the Djinni Fire Elementalist began the quest
                  | for the Orb.
     0 | D:1      | RascalDebosk set off with the following spells memorised:
                  | Foxfire, Scorch, Volatile Blastmotes, Inner Flame, Flame
                  | Wave.
     0 | D:1      | Reached XP level 1. HP: 15/15 MP: 0/0
   132 | D:1      | Reached XP level 2. HP: 16/21 MP: 0/0
   159 | D:1      | Reached skill level 3 in Spellcasting
   313 | D:1      | Reached XP level 3. HP: 19/25 MP: 0/0
   313 | D:1      | Learned a level 1 spell: Summon Small Mammal
  1084 | D:2      | Noticed Jessica
  1088 | D:2      | Killed from afar by Jessica

Illustrated notes

Levels and vault maps discovered:
D:1:      amcnicky_arrival_abandoned_market, layout_rooms
D:2:      layout_loops_corners, nrook_loot_triangle, minmay_misc_feat_x,
          uniq_terence, uniq_jessica, uniq_crazy_yiuf_cottage

Skill      XL: |  1  2 |
---------------+-------+-----
Spellcasting   | 3 |  3.5
Dodging        | |  2.1
Stealth        | |  1.5

Action                     || total
---------------------------++-------
  Melee: Dagger            ||     3
   Cast: Foxfire           ||    68
         Scorch            ||     3
         Summon Small Mamm ||     2
 Armour: Robe              ||     6
  Dodge: Dodged            ||     5
